 Dungeon Crawl Stone Soup version 0.29-a0-233-g1125b37a9b (webtiles) character file.

Game seed: 11330447298724838757

39 iguanaiguana the Caller (level 3, -1/18 HPs)
             Began as a Vine Stalker Summoner on Mar 2, 2022.
             Was a Follower of Wu Jian.
             Slain by Terence
             ... wielding a +0 short sword of holy wrath
              (7 damage)
             ... on level 1 of the Dungeon.
             The game lasted 00:05:07 (1216 turns).

iguanaiguana the Caller (Vine Stalker Summoner)     Turns: 1216, Time: 00:05:07

Health: -1/18      AC:  2    Str: 10    XL:     3   Next: 47%
Magic:  0/7        EV: 12    Int: 17    God:    Wu Jian [*.....]
Gold:   113        SH:  0    Dex: 14    Spells: 4/7 levels left

rFire   . . .      SeeInvis .   g - +2 short sword (flame)
rCold   . . .      Faith    .   (no shield)
rNeg    . . .      Spirit   +   a - +0 robe
rPois   .          Reflect  .   (no helmet)
rElec   .          Harm     .   (no cloak)
rCorr   .          Rampage  .   (no gloves)
Will    .....                   (no boots)
Stlth   ++........              (no amulet)
HPRegen 0.06/turn               (no ring)
MPRegen 0.10/turn               (no ring)

@: no status effects
A: fangs 2, magic shield, antimagic bite, no potion heal 2
a: Renounce Religion


You were on level 1 of the Dungeon.
You worshipped Wu Jian.
Wu Jian was aware of your devotion.
You visited 1 branch of the dungeon, and saw 2 of its levels.

You collected 113 gold pieces.

Inventory:

Hand Weapons
 g - a +2 short sword of flaming (weapon)
Armour
 a - a +0 robe (worn)
Scrolls
 d - 3 scrolls of identify {unknown}
 e - a scroll of fog {unknown}
 i - a scroll of immolation {unknown}
 j - a scroll of amnesia {unknown}
Potions
 b - 2 potions of might {unknown}
 c - a potion of curing {unknown}
 f - a potion of haste {unknown}
 h - a potion of brilliance {unknown}


   Skills:
 - Level 1.0 Fighting
 - Level 1.6 Dodging
 - Level 2.4 Stealth
 - Level 2.6 Spellcasting
 * Level 4.6 Summonings


You had 4 spell levels left.
You knew the following spells:

 Your Spells              Type           Power      Damage    Failure   Level
a - Summon Small Mammal   Summ           72%        N/A       2%          1
b - Call Imp              Summ           18%        N/A       4%          2

Your spell library contained the following spells:

 Spells                   Type           Power      Damage    Failure   Level
 Call Canine Familiar     Summ           18%        N/A       8%          3
 Summon Guardian Golem    Hex/Summ       10%        N/A       22%         3
 Summon Lightning Spire   Summ/Air       10%        N/A       56%         4


Dungeon Overview and Level Annotations

Branches:
Dungeon (2/15)

Altars:
Wu Jian

Annotations:
D:1 Terence


Innate Abilities, Weirdness & Mutations

You have extremely sharp teeth.
When hurt, damage is shared between your health and your magic reserves.
Your bite disrupts and absorbs the magic of your enemies.
Potions cannot restore your health.


Message History

Your bat disappears in a puff of smoke!
There is a stone staircase leading down here.
You climb downwards.
There is a stone staircase leading up here.
There are monsters nearby!
The hobgoblin shouts!
Terence shouts!
You hit Terence but do no damage. You bite Terence, but do no damage.
Terence hits you with a +0 short sword of holy wrath.
There is a stone staircase leading up here.
The hobgoblin hits you. Terence hits you but does no damage.
You climb upwards.
There is a stone staircase leading down here.
Casting: Summon Small Mammal (safe; 2% risk of failure)
Confirm with . or Enter, or press ? or * to list all spells.
The hobgoblin barely misses you.
Terence hits you with a +0 short sword of holy wrath.
Casting: Summon Small Mammal (safe; 2% risk of failure)
Confirm with . or Enter, or press ? or * to list all spells.
A beastly little devil appears in a puff of flame.
Your bat closely misses Terence.
The hobgoblin barely misses you.
Terence hits you with a +0 short sword of holy wrath.
Casting: Call Imp (safe; 4% risk of failure)
Confirm with . or Enter, or press ? or * to list all spells.
Your bat hits Terence but does no damage.
The hobgoblin closely misses you.
Terence hits you with a +0 short sword of holy wrath.
* * * LOW HITPOINT WARNING * * *
Your crimson imp barely misses Terence.
You spin to attack the hobgoblin, but your attack speed is too slow for a blow to land.
Your bat hits the hobgoblin. The hobgoblin hits you.
* * * LOW HITPOINT WARNING * * *
Your rat bites Terence.
You spin and attack Terence.
You hit Terence. You burn Terence. Your bite misses Terence.
Terence is moderately wounded.
Your bat barely misses Terence.
Your bat hits Terence but does no damage.
Terence hits you with a +0 short sword of holy wrath!
You die...

#....#....####### #
#...÷#....##...# #
#....#...###...# #
##...##[.# #...# #
##...#######...#######
#...........##.....#..
#...........#.........
#.....................
#..rb@.....#..........
#..5@......#÷)........
#####..>g....##.)........
#...........###..........
#.########### #..........
#.# ##### ##......... #.#
##...## ##........ #.#
##.....###b.#######
#.#####.......##.##


You could see Terence (ally target), a hobgoblin, a friendly crimson imp
(summoned), a friendly bat (summoned) and a friendly rat (summoned).

Vanquished Creatures
  2 ball pythons (D:1)
  2 bats (D:1)
  2 goblins (D:1)
  A hobgoblin (D:1)
  2 jackals (D:1)
  A quokka (D:1)
  A frilled lizard (D:1)
  5 rats (D:1)
16 creatures vanquished.

Vanquished Creatures (collateral kills)
  2 endoplasms (D:1)
  A giant cockroach (D:1)
  3 goblins (D:1)
  4 jackals (D:1)
  2 kobolds (D:1)
  A ball python (D:1)
  2 bats (D:1)
  A frilled lizard (D:1)
  5 rats (D:1)
21 creatures vanquished.

Grand Total: 37 creatures vanquished

Notes
Turn   | Place    | Note
-------+----------+-------------------------------------------
     0 | D:1      | iguanaiguana the Vine Stalker Summoner began the quest for
                  | the Orb.
     0 | D:1      | Reached XP level 1. HP: 9/9 MP: 4/4
   128 | D:1      | Reached XP level 2. HP: 14/14 MP: 3/6
   131 | D:1      | Learned a level 2 spell: Call Imp
   535 | D:1      | Reached XP level 3. HP: 16/17 MP: 4/7
   636 | D:1      | Reached skill level 1 in Fighting
  1149 | D:1      | Found a faded altar of an unknown god.
  1161 | D:1      | Prayed at the altar of an unknown god.
  1161 | D:1      | Became a worshipper of the Wu Jian Council
  1161 | D:1      | Reached * piety under Wu Jian
  1206 | D:2      | Noticed Terence
  1216 | D:1      | Slain by Terence

Illustrated notes

Levels and vault maps discovered:
D:1:      dpeg_arrival_ratfight, layout_rooms,
          chequers_ecumenical_altar_simple_redux
D:2:      layout_rooms, uniq_terence

Skill      XL: |  1  2  3 |
---------------+----------+-----
Fighting       | 1 |  1.0
Dodging        | |  1.6
Stealth        | |  2.4
Spellcasting   | |  2.6
Summonings     | |  4.6

Action                   || total
-------------------------++-------
Melee: Unarmed           ||     4
       Bite              ||    12
       Dagger            ||    24
       Short sword       ||    13
 Cast: Summon Small Mamm ||    42
       Call Imp          ||     6
Invok: Whirlwind         ||     1
 Stab: Distracted        ||     1
Armor: Robe              ||    18
Dodge: Dodged            ||    38

Table legend: (Time is in decaauts)
 A = Elapsed time spent in this place.
 B = Non-inter-level travel time spent in this place.
 C = Inter-level travel time spent in this place.
 D = Time resting spent in this place.
 E = Time spent auto-exploring this place.
 F = Levels seen in this place.
 G = Mean time per level.
                   A        B        C        D        E       F      G
               +--------+--------+--------+--------+--------+-----+--------+
         Total |   1216 |   1207 |      9 |     10 |    870 |   2 |  608.0 |
       Dungeon |   1216 |   1207 |      9 |     10 |    870 |   2 |  608.0 |
               +--------+--------+--------+--------+--------+-----+--------+

Top non-repeatable levels by time:
     D:1: 1211 daAuts
     D:2: 4 daAuts
